 Dungeon Crawl Stone Soup version 0.28-a0-653-g7e9dba17c3 (webtiles) character file.

Game seed: 132309417685847452

49 KristoblXynda the Charlatan (level 3, -1/18 HPs)
             Began as a Spriggan Artificer on Oct 12, 2021.
             Slain by a jackal (3 damage)
             ... on level 2 of the Dungeon.
             The game lasted 00:02:51 (2480 turns).

KristoblXynda the Charlatan (Spriggan Artificer)    Turns: 2480, Time: 00:02:51

Health: -1/18      AC:  2    Str:  9    XL:     3   Next: 53%
Magic:  4/4        EV: 17    Int: 12    God:
Gold:   37         SH:  5    Dex: 15    Spells: 2/2 levels left

rFire   . . .      SeeInvis +   f - +0 dagger
rCold   . . .      Faith    .   (shield restricted)
rNeg    . . .      Spirit   .   b - +0 robe
rPois   .          Reflect  +   (helmet restricted)
rElec   .          Harm     .   (no cloak)
rCorr   .          Rampage  .   (gloves unavailable)
Will    .....                   (boots unavailable)
Stlth   ++........              a - amulet of reflection
HPRegen 0.06/turn               (no ring)
MPRegen 0.09/turn               (no ring)

@: very quick
A: very small, no large weapons, unfitting armour, see invisible, speed 3
a: no special abilities


You were on level 2 of the Dungeon.
You visited 1 branch of the dungeon, and saw 2 of its levels.

You collected 37 gold pieces.

Inventory:

Hand Weapons
 f - a +0 dagger (weapon)
Armour
 b - a +0 robe (worn)
Jewellery
 a - an amulet of reflection (around neck)
Wands
 c - a wand of flame (3) (quivered)
 d - a wand of charming (14)
Miscellaneous
 e - a piece from Xom's chessboard (7/15)


   Skills:
 + Level 1.4 Fighting
 + Level 1.7 Short Blades
 - Level 3.2 Dodging
 + Level 3.1 Stealth
 + Level 4.5 Evocations


You had 2 spell levels left.
You didn't know any spells.
Your spell library was empty.

Dungeon Overview and Level Annotations

Branches:
Dungeon (2/15)

Altars:


Innate Abilities, Weirdness & Mutations

You are very small and have problems with some larger weapons.
You are too small for most types of armour.
You have supernaturally acute eyesight. (SInv)
You cover ground extremely quickly. (Speed+++)


Message History

The puff of flame hits the jackal!
You kill the jackal!
Your jackal closely misses the jackal.
The jackal closely misses your jackal.
Your jackal closely misses the jackal.
The jackal misses your jackal.
Your jackal closely misses the jackal.
The jackal barely misses your jackal.
You see here a jackal corpse.
You start resting.
A jackal is nearby!
The jackal bites you.
* * * LOW HITPOINT WARNING * * *
You block the jackal's attack.
Things that are here:
a +0 dagger; a goblin corpse You closely miss the jackal.
You block the jackal's attack.
The jackal barks!
You hit the jackal.
The jackal is heavily wounded.
The jackal barely misses you. You block the jackal's attack.
You closely miss the jackal.
The jackal is heavily wounded.
The jackal closely misses you.
You hit the jackal.
The jackal is severely wounded.
The jackal bites you.
* * * LOW HITPOINT WARNING * * *
You hit the jackal.
You kill the jackal!
Your piece from Xom's chessboard (7/15) has regained one charge.
You closely miss the jackal. The jackal misses you.
You closely miss the jackal. The jackal barely misses you.
You block the jackal's attack.
You hit the jackal but do no damage. The jackal bites you.
* * * LOW HITPOINT WARNING * * *
You hit the jackal.
The jackal is lightly wounded.
The jackal completely misses you.
You hit the jackal but do no damage.
The jackal is lightly wounded.
The jackal bites you.
You die...

#... ...# ### #..
....# #.. ... ....
#.# #.# #..# #.#
#.# ##?.#
######.###.# #...#
...?.....>.###..#
####.).......h#
###...@h...####†#
..............†..#
...#........######
.. #....##..#
#.#.###..######
#.#..<........# #
#.#.#..##....
.....#..# ...
####..#.... ..


You could see a jackal.

Vanquished Creatures
  A gnoll (D:1)
  2 dart slugs (D:1)
  An endoplasm (D:1)
  A giant cockroach (D:1)
  2 goblins
  2 hobgoblins (D:1)
  2 jackals (D:2)
  2 kobolds (D:1)
  7 quokkas (D:1)
  3 ball pythons (D:1)
  4 bats (D:1)
  2 frilled lizards (D:1)
  3 rats (D:1)
32 creatures vanquished.

Vanquished Creatures (others)
  A jackal (D:2)
1 creature vanquished.

Grand Total: 33 creatures vanquished

Notes
Turn   | Place    | Note
-------+----------+-------------------------------------------
     0 | D:1      | KristoblXynda the Spriggan Artificer began the quest for
                  | the Orb.
     0 | D:1      | Reached XP level 1. HP: 9/9 MP: 2/2
   216 | D:1      | Reached skill level 1 in Fighting
   430 | D:1      | Reached XP level 2. HP: 4/14 MP: 3/3
   864 | D:1      | Reached skill level 1 in Short Blades
  1567 | D:1      | Reached XP level 3. HP: 18/18 MP: 4/4
  2108 | D:1      | Found a faded altar of an unknown god.
  2480 | D:2      | Slain by a jackal

Illustrated notes

Levels and vault maps discovered:
D:1:      dpeg_arrival_shelter, layout_basic, dilly_ecumenical_altar_fadedgnrine
D:2:      layout_basic, serial_park_tiny_2

Skill      XL: |  1  2  3 |
---------------+----------+-----
Fighting       | 1 |  1.4
Stealth        | 2 3 |  3.1
Short Blades   | 1 |  1.7
Dodging        | |  3.2
Evocations     | |  4.5

Action                   || total
-------------------------++-------
Melee: Dagger            ||   162
Evoke: Wand              ||    13
       Piece from Xom's  ||    10
 Stab: Sleeping          ||     3
Armor: Robe              ||    14
Dodge: Dodged            ||   131
Block: Other             ||    38
       Reflection        ||     2

Table legend: (Time is in decaauts)
 A = Elapsed time spent in this place.
 B = Non-inter-level travel time spent in this place.
 C = Inter-level travel time spent in this place.
 D = Time resting spent in this place.
 E = Time spent auto-exploring this place.
 F = Levels seen in this place.
 G = Mean time per level.
                   A        B        C        D        E       F      G
               +--------+--------+--------+--------+--------+-----+--------+
         Total |   2173 |   2171 |      2 |   1527 |    299 |   2 | 1086.5 |
       Dungeon |   2173 |   2171 |      2 |   1527 |    299 |   2 | 1086.5 |
               +--------+--------+--------+--------+--------+-----+--------+

Top non-repeatable levels by time:
     D:1: 2110 daAuts
     D:2: 63 daAuts
